AoeStats
← ❀ MÔssieur Grobiz ❀

Socotra

504834126Analyzed
2v2 RM · 26d ago on Sep 6, 2026· 24m 10s· 4 players
Game mode
Random Map
Map size
Tiny (2 player)
Population
200
Speed
Normal
Resources
Standard
Victory
Conquest
Starting age
Dark Age
Ending age
Imperial Age
RankedLock teamsTeams togetherTeam positionsShared explorationLock speedFull tech treeHidden civsTurbo modeCheats
Victory
Defeat
🇫🇷 Ethiopians · France
1005
+15
999
+16
🇦🇹 Turks · Austria
993
-16
🇦🇹 Britons · Austria
985
-15
^nott
9:18 Feudal Age
15:56 Fletching
22:35 Padded Archer Armor
M0r1ce
10:23 Feudal Age
8:46 Loom
11:29 Man-at-Arms
15:47 Double-Bit Axe
15:45 Horse Collar
23:33 Castle Age
23:28 Fletching
Furluk
6:49 Loom
10:06 Feudal Age
11:12 Double-Bit Axe
13:06 Fletching
21:48 Castle Age
19:48 Gold Mining
21:31 Padded Archer Armor
21:56 Crossbowman
22:42 Thumb Ring
22:35 Bodkin Arrow
23:01 Bow Saw
23:31 Leather Archer Armor
❀ MÔssieur Grobiz ❀
7:37 Loom
10:02 Feudal Age
11:47 Man-at-Arms
20:10 Castle Age
19:28 Horse Collar
19:38 Double-Bit Axe
20:14 Fletching
20:25 Padded Archer Armor
21:45 Bow Saw
22:27 Elite Skirmisher
23:09 Pikeman
Connection lost

Rejoining the realm…

Still unreachable

The connection could not be restored.

Session expired

The server has moved on; the page needs a fresh start.